 Dungeon Crawl Stone Soup version 0.31.0-32-g396128a36d (webtiles) character file.

Game seed: 14949986799793312859

900 V0lshebstvo the Cutter (level 7, -1/62 HPs)
             Began as a Minotaur Berserker on Mar 22, 2024.
             Was a Priest of Uskayaw.
             Slain by a polar bear (5 damage)
             ... created by the rage of Trog
             ... on level 6 of the Dungeon.
             The game lasted 00:17:40 (4211 turns).

V0lshebstvo the Cutter (Minotaur Berserker)         Turns: 4211, Time: 00:17:40

Health: -1/62      AC:  8    Str: 24    XL:     7   Next: 79%
Magic:  3/6        EV: 13    Int:  2    God:    Uskayaw [***...]
Gold:   282        SH:  0    Dex: 13    Spells: 6/6 levels left

rFire   + . .        w - +2 scythe (freeze)
rCold   x . .        (shield currently unavailable)
rNeg    . . .        e - +0 steam dragon scales
rPois   .            (helmet restricted)
rElec   .            (no cloak)
rCorr   .            t - +2 pair of gloves
SInv    .            (no boots)
Will    +++..        (no amulet)
Stlth   ++           g - ring of Ugiceim {Will+++ Int-2 Dex+4 Slay+4}
HPRegen 0.30/turn    n - ring of fire
MPRegen 0.10/turn

%: no passive effects
@: no status effects
A: horns 2, retaliatory headbutt
a: Renounce Religion, Stomp, Line Pass


You were on level 6 of the Dungeon.
You worshipped Uskayaw.
Uskayaw was noncommittal.
You visited 1 branch of the dungeon, and saw 6 of its levels.

You collected 282 gold pieces.

Inventory:

Hand Weapons
 w - a +2 scythe of freezing (weapon)
Missiles
 l - 2 throwing nets (quivered)
 q - 4 boomerangs
Armour
 e - +0 steam dragon scales (worn)
 t - a +2 pair of gloves (worn)
 y - a +0 plate armour
Magical Staves
 i - a staff of earth
Jewellery
 g - the ring of Ugiceim (left hand) {Will+++ Int-2 Dex+4 Slay+4}
   (You found it on level 2 of the Dungeon)

   [ring of slaying]

   Int-2:     It affects your intelligence (-2).
   Dex+4:     It affects your dexterity (+4).
   Slay+4:    It affects your accuracy & damage with ranged weapons and melee
   (+4).
   Will+++:   It greatly increases your willpower.
 k - a ring of resist corrosion
 n - a ring of fire (right hand)
Wands
 v - a wand of polymorph (11)
 x - a wand of flame (23)
Scrolls
 b - 3 scrolls of teleportation {unknown}
 c - a scroll of butterflies {unknown}
 f - a scroll of blinking {unknown}
 o - a scroll of silence {unknown}
 r - 2 scrolls of identify {unknown}
 s - a scroll of immolation {unknown}
 u - a scroll of fear {unknown}
Potions
 a - a potion of resistance {unknown}
 d - a potion of brilliance {unknown}
 h - a potion of invisibility {unknown}
 j - 4 potions of heal wounds {unknown}
 m - 3 potions of enlightenment {unknown}
 p - a potion of magic {unknown}


   Skills:
 + Level 5.9 Fighting
 + Level 5.9 Short Blades
 + Level 4.9(5.1) Axes
 + Level 1.6(3.5) Polearms
 + Level 3.1 Armour
 + Level 4.4 Dodging
 + Level 1.8 Stealth


You had 6 spell levels left.
You didn't know any spells.
Your spell library contained the following spells:

 Spells                   Type           Power      Damage    Failure   Level
 Foxfire                  Conj/Fire      0%         2x1d4     54%         1
 Sublimation of Blood     Necr           0%         N/A       69%         2
 Death Channel            Necr           0%         N/A       100%        6


Dungeon Overview and Level Annotations

Branches:
Dungeon (6/15)
 Temple: D:4-7

Altars:
Ashenzari
Cheibriados
Dithmenos
Nemelex Xobeh
Uskayaw
Vehumet
Yredelemnul

Shops:
D:5 =


Innate Abilities, Weirdness & Mutations

You have a pair of horns on your head.
You reflexively headbutt those who attack you in melee.


Message History

A black bear and 3 polar bears come into view.
You barely miss the polar bear. You headbutt the polar bear!
The polar bear is lightly wounded.
You stomp with the beat, sending a shockwave through the revellers around you!
The polar bear is moderately wounded. x2
You can no longer pass through a line of other dancers.
The polar bear bites you! The polar bear misses you. x2
The polar bear bites you.
The polar bear claws you but does no damage.
The polar bear claws you.
You can now pass through a line of other dancers.
You puncture the polar bear! You freeze the polar bear.
The polar bear is severely wounded.
The polar bear completely misses you. The polar bear claws you.
The polar bear misses you. The polar bear bites you! The polar bear misses you.
The polar bear claws you. The polar bear bites you!
* * * LOW HITPOINT WARNING * * *
The polar bear claws you but does no damage.
The polar bear claws you.
* * * LOW HITPOINT WARNING * * *
The polar bear bites you but does no damage.
The polar bear claws you but does no damage.
The polar bear claws you.
* * * LOW HITPOINT WARNING * * *
Uskayaw will force your foes to helplessly watch your dance.
Uskayaw prepares the audience for your solo!
The helpless polar bear fails to defend itself.
You hit the polar bear.
The polar bear is moderately wounded.
The black bear is no longer paralysed.
The polar bear is no longer paralysed. x3
The polar bear misses you. The polar bear barely misses you.
The polar bear closely misses you. The polar bear bites you.
* * * LOW HITPOINT WARNING * * *
The polar bear claws you.
* * * LOW HITPOINT WARNING * * *
The polar bear barely misses you. x2; You furiously retaliate!
You headbutt the polar bear.
The polar bear claws you but does no damage.
The polar bear claws you.
You die...

... #.#
#.# #.#
#.# #h#
#h# #@#
#h# #h#
##.##
####.#.##
#...###.#
#.##.#.##
#.# #.#
#.# ###


You could see 3 polar bears and a black bear (berserk).

Vanquished Creatures
  Sigmund (D:5)
  An ogre (D:6)
  A scorpion (D:5)
  2 bombardier beetles (D:5)
  A hound (D:4)
  A gnoll bouda (D:5)
  2 orc priests (D:5)
  A sleepcap (D:5)
  An iguana (D:4)
  5 orc wizards
  3 gnolls (D:5)
  9 adders
  3 dart slugs (D:1)
  12 orcs
  8 endoplasms
  2 giant cockroaches
  9 goblins
  6 hobgoblins
  2 jackals (D:1)
  5 quokkas
  8 ball pythons
  6 bats
  11 frilled lizards
  8 kobolds
  5 rats
113 creatures vanquished.

Notes
Turn   | Place    | Note
-------+----------+-------------------------------------------
     0 | D:1      | V0lshebstvo the Minotaur Berserker began the quest for the
                  | Orb.
     0 | D:1      | Reached XP level 1. HP: 19/19 MP: 0/0
   159 | D:1      | Reached XP level 2. HP: 27/27 MP: 1/1
   461 | D:1      | Reached XP level 3. HP: 33/33 MP: 2/2
   542 | D:1      | Reached ** piety under Trog
   905 | D:2      | Found a snail-covered altar of Cheibriados.
  1272 | D:2      | Reached skill level 1 in Short Blades
  1275 | D:2      | Reached XP level 4. HP: 41/41 MP: 3/3
  1290 | D:2      | Identified the ring of Ugiceim {Will+++ Int-2 Dex+4 Slay+4}
  1581 | D:3      | Found a shadowy altar of Dithmenos.
  1919 | D:3      | Found a radiant altar of Vehumet.
  2152 | D:3      | Reached XP level 5. HP: 44/47 MP: 4/4
  2790 | D:4      | Reached *** piety under Trog
  2873 | D:4      | Reached skill level 5 in Fighting
  2936 | D:4      | Got the Compendium of Sizzling Dark Mysteries
  3083 | D:4      | Found a broken altar of Ashenzari.
  3086 | D:4      | Found a basalt altar of Yredelemnul.
  3475 | D:5      | Entered Level 5 of the Dungeon
  3495 | D:5      | Found Kiomobom's Jewellery Shoppe.
  3546 | D:5      | Noticed Sigmund
  3551 | D:5      | Killed Sigmund
  3552 | D:5      | Reached skill level 1 in Stealth
  3552 | D:5      | Reached XP level 6. HP: 56/56 MP: 5/5
  3585 | D:5      | Reached XP level 7. HP: 51/61 MP: 6/6
  3766 | D:5      | Reached skill level 5 in Short Blades
  3803 | D:5      | Noticed a +0 dagger
  3803 | D:5      | Noticed a +0 short sword
  3953 | D:5      | Noticed a +0 dagger
  3954 | D:5      | Noticed a +0 short sword
  3954 | D:5      | Noticed a +0 falchion
  3954 | D:5      | Noticed a +0 falchion
  3954 | D:5      | Noticed a +0 spear
  3954 | D:5      | Noticed a +0 spear
  3957 | D:5      | Found a hide-covered altar of Uskayaw.
  3979 | D:5      | Reached skill level 1 in Polearms
  4002 | D:5      | Fell from the grace of Trog
  4002 | D:5      | Became a worshipper of Uskayaw the Reveller
  4093 | D:5      | Found a sparkling altar of Nemelex Xobeh.
  4188 | D:6      | Reached * piety under Uskayaw
  4205 | D:6      | Reached ** piety under Uskayaw
  4208 | D:6      | Noticed a polar bear
  4208 | D:6      | Noticed a polar bear
  4208 | D:6      | Noticed a polar bear
  4210 | D:6      | Reached *** piety under Uskayaw
  4211 | D:6      | Slain by a polar bear

Illustrated notes

Levels and vault maps discovered:
D:1:      dpeg_arrival_three_bigger_balls, layout_basic, minmay_lizard_pond
D:2:      layout_loops_ring, basic_altar, kennysheep_generic_room_5
D:3:      layout_basic, overflow_temple_1_default, mainiacjoe_overflow_24_doors
D:4:      layout_basic, nicolae_overflow_squiral, nicolae_eternal_life
D:5:      layout_loops_cross, nicolae_uskayaw_en_pointe,
          nemelex_spade_bored_becter, serial_shops, nicolae_shop_waterfront,
          uniq_sigmund
D:6:      layout_loops_ring, hellmonk_okawaru_the_only_friend_you_need,
          gammafunk_ghost_nasty_kobolds, uniq_edmund

Skill      XL: |  1  2  3  4  5  6  7 |
---------------+----------------------+-----
Fighting       | 4 5 |  5.9
Axes           | 4 |  4.9
Short Blades   | 1 4 5 |  5.9
Armour         | 3 |  3.1
Dodging        | 3 4 |  4.4
Stealth        | 1 |  1.8
Polearms       | 1 |  1.6

Action                     |  1- 3 |  4- 6 |  7- 9 || total
---------------------------+-------+-------+-------++-------
  Melee: Hand axe          |    22 |       |       ||    22
         Short sword       |    50 |    97 |       ||   147
         Headbutt          |    10 |    14 |     6 ||    30
         Punch             |     1 |     1 |       ||     2
         Halberd           |       |       |    29 ||    29
 Invoke: Berserk           |     2 |     5 |     3 ||    10
         Trog's Hand       |       |     1 |     3 ||     4
         Stomp             |       |       |     1 ||     1
   Stab: Sleeping          |       |     1 |       ||     1
         Paralysed         |       |       |     1 ||     1
 Armour: Animal skin       |    13 |       |       ||    13
         Steam dragon scal |    28 |    78 |    50 ||   156
  Dodge: Dodged            |    62 |    43 |    41 ||   146
